 Dungeon Crawl Stone Soup version 0.18.1-48-g4cf74bf (webtiles) character file.

1743 nikopol the Chopper (level 8, 0/73 HPs)
             Began as a Minotaur Berserker on Aug 29, 2016.
             Was an Elder of Trog.
             Slain by a killer bee (6 damage)
             ... on level 6 of the Dungeon.
             The game lasted 00:14:13 (4782 turns).

nikopol the Chopper (Minotaur Berserker)            Turns: 4782, Time: 00:14:14

Health: 0/73       AC:  5    Str: 22    XL:     8   Next: 77%
Magic:  7/7        EV: 14    Int:  4    God:    Trog [****..]
Gold:   441        SH:  0    Dex: 12    Spells: 0 memorised, 7 levels left

rFire  . . .     SeeInvis .     B - -2 war axe (curse)
rCold  . . .     Gourm    .     t - -1 leather armour (curse)
rNeg   . . .     Faith    .     (no shield)
rPois  .         Spirit   .     (helmet restricted)
rElec  .         Dismiss  .     r - +0 cloak
rCorr  .         Reflect  .     (no gloves)
SustAt .         Harm     .     n - +0 pair of boots
MR     .....                    (no amulet)
Stlth  +.........               (no ring)
                                (no ring)

@: lethally poisoned (0 -> -23), not resistant to hostile enchantments, very
unstealthy
A: retaliatory headbutt, horns 2
a: Berserk, Trog's Hand, Brothers in Arms, Burn Spellbooks, Renounce Religion


You were on level 6 of the Dungeon.
You worshipped Trog.
Trog was greatly pleased with you.
You were very hungry.

You visited 1 branch of the dungeon, and saw 7 of its levels.
You also visited: Sewer.

You collected 441 gold pieces.

Inventory:

Hand Weapons
 a - a +0 hand axe
 f - a +0 hand axe of electrocution
 B - a cursed -2 war axe (weapon)
 N - a cursed -1 shortbow
Missiles
 H - 55 arrows (quivered)
Armour
 b - a +0 animal skin
 k - a +0 leather armour
 n - a +0 pair of boots (worn)
 r - a +0 cloak (worn)
 t - a cursed -1 leather armour (worn)
 y - a +0 scale mail
 C - the cursed +0 leather armour "Arugapsu" {Dex+2, unknown}
   (You found it on level 4 of the Dungeon)

   It affects your dexterity (+2).
   It has a curse placed upon it.
Jewellery
 h - a cursed -5 ring of intelligence {unknown}
 p - an uncursed ring of magical power {unknown}
 v - an uncursed ring of protection from magic {unknown}
 D - an uncursed amulet of dismissal {unknown}
 J - an uncursed ring of magical power {unknown}
Wands
 l - a wand of paralysis (16/24)
 P - a wand of iceblast (4/15)
 R - a wand of disintegration (18/24)
Scrolls
 s - a scroll of enchant armour {unknown}
 F - 3 scrolls of identify
 I - a scroll of remove curse
 M - a scroll of enchant weapon {unknown}
 O - a scroll of blinking {unknown}
 Q - a scroll of fear {unknown}
 S - a scroll of teleportation {unknown}
Potions
 d - 2 potions of lignification {unknown}
 e - 5 potions of heal wounds
 g - 4 potions of might {unknown}
 i - 2 potions of haste {unknown}
 m - 2 potions of invisibility {unknown}
 o - 2 potions of cancellation {unknown}
 u - 2 potions of magic {unknown}
 w - 5 potions of flight {unknown}
 x - 2 potions of curing {unknown}
 z - 3 potions of agility {unknown}
 A - a potion of berserk rage {unknown}
 E - a potion of mutation {unknown}
 G - 2 potions of brilliance {unknown}
Books
 L - a book of Cantrips

   Spells                             Type                      Level
   a - Corona                         Hexes                        1
   b - Animate Skeleton               Necromancy                   1
   c - Summon Small Mammal            Summoning                    1
   d - Apportation                    Translocation                1
   Trog disapproves of the use of such an item.
Comestibles
 c - 7 bread rations
 j - 4 meat rations
 q - 2 fruits
 K - a beef jerky


   Skills:
 + Level 7.5 Fighting
 * Level 7.6 Axes
 * Level 2.5 Bows
 + Level 6.9 Armour
 + Level 6.3 Dodging


You had 7 spell levels left.
You didn't know any spells.

Dungeon Overview and Level Annotations

Branches:
Dungeon (7/15)
 Temple: D:4-7

Altars:
Cheibriados
Dithmenos
Elyvilon
Kikubaaqudgha
Nemelex Xobeh
Pakellas
Ru
Trog
Xom
Yredelemnul
The Shining One

Shops:
D:6 !


Innate Abilities, Weirdness & Mutations

You reflexively headbutt those who attack you in melee.
You have a pair of horns on your head.


Message History

* * * LOW HITPOINT WARNING * * *
You are more poisoned.
The killer bee poisons you! The killer bee stings you!
* * * LOW HITPOINT WARNING * * *
You are more poisoned.
The killer bee poisons you! The killer bee closely misses you.
You furiously retaliate!
You headbutt the killer bee, but do no damage.
You are too injured to fight recklessly!
You are too injured to fight recklessly!
You are too injured to fight recklessly!
You're too hungry to go berserk.
You barely miss the killer bee.
The killer bee is heavily wounded.
* * * LOW HITPOINT WARNING * * *
You feel very sick. The killer bee stings you.
* * * LOW HITPOINT WARNING * * *
The killer bee stings you.
You die...

#...........# ##§
#.......(...# ###§§
#...........# #.§..
#...........######## #.§.§
#...........##.....####.§§§
#.......................#.§
##########.###.....####.##§
#...............)####.###
#.......@y......))....###
#...........######.......
#...........# #.######
############# #.# #.#
#########.### #...........#
#...........# #...........#


You could see a killer bee.

Vanquished Creatures
  The ghost of barakagiga the Stinger, a novice DEVM of Sif Muna (D:5)
  A steam dragon (D:5)
  A water moccasin (D:5)
  A wasp (D:6)
  An ice beast (D:7)
  2 phantoms
  A centaur (D:5)
  An ogre (D:4)
  A big kobold (Sewer)
  A giant frog (D:5)
  2 scorpions (D:5)
  A killer bee (D:7)
  A howler monkey (D:4)
  A crimson imp (D:5)
  A giant frog zombie (D:6)
  An orc priest (D:4)
  An orc wizard (D:6)
  2 worker ants
  A howler monkey zombie (D:5)
  4 gnolls (D:4)
  11 adders
  3 river rats
  A shadow imp (D:5)
  3 worms
  A dart slug (D:1)
  2 giant geckos
  20 orcs
  4 giant cockroaches
  10 hobgoblins
  3 jackals
  A ball python (D:1)
  6 bats
  A giant gecko skeleton (D:6)
  A giant gecko zombie (D:6)
  5 giant newts
  4 goblins
  11 kobolds
  A quokka skeleton (D:6)
  16 rats
130 creatures vanquished.

Notes
Turn   | Place    | Note
--------------------------------------------------------------
     0 | D:1      | nikopol the Minotaur Berserker began the quest for the Orb.
     0 | D:1      | Reached XP level 1. HP: 19/19 MP: 0/0
   149 | D:1      | Reached XP level 2. HP: 17/27 MP: 1/1
   568 | D:2      | Reached XP level 3. HP: 33/33 MP: 2/2
   597 | D:2      | Found a basalt altar of Yredelemnul.
   614 | D:2      | Reached ** piety under Trog
   764 | D:2      | Found an oddly glowing altar of Pakellas.
   891 | D:2      | Found a glowing golden altar of the Shining One.
   897 | D:2      | Found a faded altar to an unknown god.
  1032 | D:3      | Found an ancient bone altar of Kikubaaqudgha.
  1078 | D:3      | Found a bloodstained altar of Trog.
  1177 | D:3      | Reached XP level 4. HP: 38/41 MP: 3/3
  1202 | D:3      | Found a sparkling altar of Nemelex Xobeh.
  1204 | D:3      | Found a sacrificial altar of Ru.
  1436 | D:3      | Found a glowing drain.
  1440 | Sewer    | Entered a sewer
  1447 | Sewer    | Reached XP level 5. HP: 37/47 MP: 4/4
  1449 | Sewer    | Reached *** piety under Trog
  1571 | Sewer    | Reached skill level 5 in Fighting
  1650 | Sewer    | Found a white marble altar of Elyvilon.
  1736 | D:3      | Reached skill level 5 in Axes
  2012 | D:4      | Reached XP level 6. HP: 51/56 MP: 5/5
  2355 | D:4      | Found a white marble altar of Elyvilon.
  2429 | D:4      | Found a snail-covered altar of Cheibriados.
  2448 | D:4      | Reached XP level 7. HP: 61/61 MP: 6/6
  2452 | D:4      | Reached skill level 5 in Armour
  2507 | D:4      | Got a faintly humming leather armour
  3141 | D:5      | Entered Level 5 of the Dungeon
  3196 | D:5      | Reached skill level 5 in Dodging
  3366 | D:5      | Noticed barakagiga's ghost (novice DEVM)
  3388 | D:5      | Killed barakagiga's ghost
  3388 | D:5      | Reached XP level 8. HP: 35/71 MP: 7/7
  3881 | D:5      | Found a shimmering altar of Xom.
  3941 | D:6      | Found Xiexzom's Distillery.
  4107 | D:6      | Reached **** piety under Trog
  4108 | D:6      | Found a shadowy altar of Dithmenos.
  4121 | D:6      | Reached skill level 1 in Bows
  4319 | D:6      | Received a gift from Trog
  4674 | D:6      | Found a snail-covered altar of Cheibriados.
  4782 | D:6      | Slain by a killer bee

Skill      XL: |  1  2  3  4  5  6  7  8 |
---------------+-------------------------+-----
Fighting       | 4 5 6 7 |  7.5
Axes           | 4 5 6 7 |  7.6
Armour         | 3 4 6 |  6.9
Dodging        | 3 4 5 6 |  6.3
Bows           | 2 |  2.5

Action                   |  1- 3 |  4- 6 |  7- 9 || total
-------------------------+-------+-------+-------++-------
Melee: Hand axe          |    73 |    93 |       ||   166
       Headbutt          |    12 |    16 |    27 ||    55
       War axe           |       |     3 |   139 ||   142
Invok: Berserk           |       |     1 |     1 ||     2
  Use: Scroll            |     2 |     1 |       ||     3
 Stab: Sleeping          |     1 |       |       ||     1
  Eat: Chunk             |     1 |     5 |     6 ||    12
       Beef jerky        |       |       |     1 ||     1
Armor: Animal skin       |    14 |       |       ||    14
       Leather armour    |     8 |    18 |    37 ||    63
Dodge: Dodged            |    53 |    59 |   111 ||   223
